 Dungeon Crawl Stone Soup version 0.26.1-11-gd32895ea62 (webtiles) character file.

Game seed: 9067936037600559844

11104 KamiKatze the Blocker (level 11, -11/88 (89) HPs)
             Began as a Gnoll Fighter on May 6, 2021.
             Was a High Priest of Okawaru.
             Mangled by a manticore (17 damage)
             ... on level 11 of the Dungeon.
             The game lasted 00:47:45 (13949 turns).

KamiKatze the Blocker (Gnoll Fighter)              Turns: 13949, Time: 00:47:45

HP:   -11/88 (89)   AC: 15    Str: 21    XL:     11   Next: 72%
MP:   20/20         EV: 11    Int: 12    God:    Okawaru [*****.]
Gold: 841           SH:  0    Dex: 14    Spells: 23/23 levels left

rFire    . . .     SeeInvis .   a - +1 trident
rCold    + . .     Faith    .   (no shield)
rNeg     . . .     Spirit   .   B - +0 chain mail
rPois    .         Reflect  .   (no helmet)
rElec    .         Harm     .   N - scarf {repulsion}
rCorr    .         Rampage  .   g - +1 pair of gloves
Will     +....     Rnd*Tele +   (no boots)
Stlth    ..........             (no amulet)
HPRegen  0.24/turn              l - ring of protection from cold
MPRegen  0.17/turn              O - ring of willpower

@: lightly drained, repel missiles
A: distributed training, fangs 1, slimy green scales 1, teleportitis 1, strong
nose
a: Renounce Religion, Heroism, Finesse


You were on level 11 of the Dungeon.
You worshipped Okawaru.
Okawaru was extremely pleased with you.
You visited 2 branches of the dungeon, and saw 12 of its levels.

You collected 841 gold pieces.

Inventory:

Hand Weapons
 a - a +1 trident (weapon)
 b - a +0 hunting sling
 D - a +0 trident of flaming
 F - a +2 flail of draining
 S - a +1 lajatang of speed
 U - the +2 hand axe "Dragon's Tongue" {freeze, MP+9 Int+6}
   (You took it off Maggie on level 10 of the Dungeon)

   It has been specially enchanted to freeze those struck by it, causing extra
   injury to most foes and up to half again as much damage against particularly
   susceptible opponents.
   It can also slow down cold-blooded creatures.
   It affects your intelligence (+6).
   It affects your magic capacity (+9).
 X - a +4 morningstar of protection
Missiles
 d - 3 atropa-tipped darts
 o - 62 sling bullets
 p - 33 poisoned darts (quivered)
 r - 275 stones
Armour
 c - a +0 kite shield
 g - a +1 pair of gloves (worn)
 k - a +0 cloak of willpower
 B - a +0 chain mail (worn)
 C - a +0 plate armour
 N - a scarf of repulsion (worn)
 V - +0 acid dragon scales
Jewellery
 i - an uncursed ring of fire
 l - a ring of protection from cold (left hand)
 m - an uncursed ring of ice
 y - an uncursed ring of magical power
 O - a ring of willpower (right hand)
 Q - an uncursed ring of wizardry
Wands
 I - a wand of digging (4)
 J - a wand of acid (17)
 P - a wand of disintegration (19)
 T - a wand of flame (18)
 W - a wand of polymorph (7)
Scrolls
 j - a scroll of immolation
 n - 3 scrolls of magic mapping
 q - 2 scrolls of blinking
 u - 5 scrolls of remove curse
 v - a scroll of brand weapon {unknown}
 w - 3 scrolls of amnesia
 x - 2 scrolls of teleportation
 z - 2 scrolls of enchant weapon
 E - a scroll of enchant armour
 L - a scroll of fear
 M - a scroll of identify
Potions
 e - 4 potions of flight
 f - a potion of resistance
 h - a potion of invisibility
 s - 3 potions of heal wounds
 t - 2 potions of magic
 A - a potion of cancellation
 G - a potion of haste


   Skills:
 + Level 9.3 Fighting
 + Level 6.5 Short Blades
 + Level 6.5 Long Blades
 + Level 6.5 Axes
 + Level 6.5 Maces & Flails
 + Level 8.1 Polearms
 + Level 6.5 Staves
 + Level 6.5 Slings
 + Level 6.5 Bows
 + Level 6.5 Crossbows
 + Level 6.5 Throwing
 + Level 9.3 Armour
 + Level 6.5 Dodging
 + Level 6.5 Stealth
 + Level 9.3 Shields
 + Level 6.5 Unarmed Combat
 + Level 6.5 Spellcasting
 + Level 5.4 Conjurations
 + Level 5.4 Hexes
 + Level 5.4 Summonings
 + Level 5.4 Necromancy
 + Level 5.4 Translocations
 + Level 5.4 Transmutations
 + Level 5.4 Fire Magic
 + Level 5.4 Ice Magic
 + Level 5.4 Air Magic
 + Level 5.4 Earth Magic
 + Level 5.4 Poison Magic
 + Level 7.2 Invocations
 + Level 6.5 Evocations


You had 23 spell levels left.
You didn't know any spells.
Your spell library contained the following spells:

 Spells                   Type           Power        Failure   Level
 Sandblast                Erth           34%          12%         1
 Sting                    Tmut/Pois      68%          12%         1
 Passwall                 Tmut/Erth      14%          19%         2
 Poisonous Vapours        Pois/Air       34%          19%         2
 Confusing Touch          Hex            17%          36%         3
 Conjure Flame            Conj/Fire      17%          36%         3
 Gell's Gravitas          Tloc           8%           36%         3
 Ignite Poison            Fire/Tmut/Pois 17%          36%         3
 Mephitic Cloud           Conj/Pois/Air  17%          36%         3
 Stone Arrow              Conj/Erth      34%          36%         3
 Olgreb's Toxic Radiance  Pois           17%          77%         4
 Petrify                  Tmut/Erth      17%          77%         4
 Lee's Rapid Deconstruct  Erth           8%           98%         5
 Metabolic Englaciation   Hex/Ice        8%           98%         5
 Yara's Violent Unravell  Hex/Tmut       8%           98%         5
 Freezing Cloud           Conj/Ice/Air   8%           100%        6


Dungeon Overview and Level Annotations

Branches:
Dungeon (11/15)            Temple (1/1) D:7             Orc (0/2) D:10
   Lair: D:8-11

Altars:
Ashenzari
Cheibriados
Dithmenos
Elyvilon
Fedhas
Gozag
Hepliaklqana
Kikubaaqudgha
Makhleb
Nemelex Xobeh
Okawaru
Qazlal
Ru
Sif Muna
Trog
Uskayaw
Vehumet
Wu Jian
Xom
Yredelemnul
Zin
The Shining One

Shops:
D:5 (


Innate Abilities, Weirdness & Mutations

Your experience applies equally to all skills.
You have very sharp teeth.
Your uncanny sense of smell can sniff out nearby items.
You are partially covered in slimy green scales. (AC +2)
You are occasionally teleported next to monsters.


Message History

The wight hits you but does no damage.
You hit the wight but do no damage.
The wight is almost destroyed.
The wight hits you but does no damage. x2
Unknown command.
You closely miss the wight. Your bite misses the wight.
The wight is almost destroyed.
The howler monkey hoots and howls with incredible vigour!
The manticore closely misses you.
The manticore claws you but does no damage.
The manticore closely misses you. The wight hits you but does no damage.
The wight hits you with a +0 dagger.
* * * LOW HITPOINT WARNING * * *
You hear an angry hiss.
You hear a shout!
You hear an angry buzzing noise.
You hear a howl!
You hit the wight.
You destroy the wight!
Okawaru accepts your kill. The manticore bites you!
You die...

. ###########
...###.........#
..........zh...#
#......?..Hhz.#
#.....#####@###
#..<.. #<#
......h #†#
......> #.#
.#.##.h #.# #.
##. #.# # #. #.#
∆ #.# #.#


You could see a manticore, 2 howler monkeys and 2 wights.

Vanquished Creatures
  2 hydras
  A two-headed ogre (D:4)
  2 ugly things (D:11)
  A kobold demonologist (D:10)
  A yaktaur (D:10)
  Maggie (D:10)
  A freezing wraith (D:10)
  A hornet (D:10)
  A tengu conjurer (D:10)
  A merfolk (D:10)
  Sigmund (D:2)
  5 yaks (D:9)
  3 wargs (D:10)
  A soldier ant (D:9)
  Edmund (D:4)
  Duvessa (D:7)
  A water moccasin (D:7)
  2 ice beasts
  A sky beast (D:9)
  4 orc warriors
  A phantom (D:8)
  4 ogres
  6 centaurs
  A big kobold (D:8)
  Blork the orc (D:6)
  4 bullfrogs
  Dowan (D:7)
  A scorpion (D:10)
  2 jellies
  6 wights
  22 killer bees
  3 howler monkeys (D:10)
  2 bullfrog zombies
  3 centaur skeletons
  6 orc priests
  10 orc wizards
  A gnoll shaman (D:10)
  3 hounds
  2 quasits
  Crazy Yiuf (D:2)
  An iguana (D:6)
  Natasha (thrice) (D:2)
  7 worker ants
  2 killer bee zombies
  5 hound skeletons
  A worker ant zombie (D:10)
  A howler monkey zombie (D:5)
  7 gnolls (D:10)
  13 adders
  2 shadow imps
  A white imp (D:7)
  2 ufetubi
  An ooze (D:3)
  3 adder skeletons
  2 worms (D:2)
  2 dart slugs
  3 leopard geckos
  25 orcs
  7 giant cockroaches
  9 goblins
  7 hobgoblins
  16 jackals
  7 quokkas
  10 bats
  5 frilled lizards
  A jackal zombie (D:7)
  7 kobolds
  A leopard gecko skeleton (D:5)
  A quokka skeleton (D:7)
  7 rats
271 creatures vanquished.

Vanquished Creatures (others)
  3 fungi (D:2)
  A plant (D:2)
4 creatures vanquished.

Grand Total: 275 creatures vanquished

Notes
Turn   | Place    | Note
-------+----------+-------------------------------------------
     0 | D:1      | KamiKatze the Gnoll Fighter began the quest for the Orb.
     0 | D:1      | Reached XP level 1. HP: 23/23 MP: 1/1
   134 | D:1      | Reached XP level 2. HP: 29/29 MP: 2/2
   612 | D:1      | Reached XP level 3. HP: 35/35 MP: 3/3
   835 | D:2      | Noticed Sigmund
   847 | D:2      | Killed Sigmund
   848 | D:2      | Reached skill level 1 in Short Blades
   848 | D:2      | Reached skill level 1 in Long Blades
   848 | D:2      | Reached skill level 1 in Axes
   848 | D:2      | Reached skill level 1 in Maces & Flails
   848 | D:2      | Reached skill level 1 in Staves
   848 | D:2      | Reached skill level 1 in Slings
   848 | D:2      | Reached skill level 1 in Bows
   848 | D:2      | Reached skill level 1 in Crossbows
   848 | D:2      | Reached skill level 1 in Throwing
   848 | D:2      | Reached skill level 1 in Dodging
   848 | D:2      | Reached skill level 1 in Stealth
   848 | D:2      | Reached skill level 1 in Unarmed Combat
   848 | D:2      | Reached skill level 1 in Spellcasting
   848 | D:2      | Reached skill level 1 in Conjurations
   848 | D:2      | Reached skill level 1 in Hexes
   848 | D:2      | Reached skill level 1 in Summonings
   848 | D:2      | Reached skill level 1 in Necromancy
   848 | D:2      | Reached skill level 1 in Translocations
   848 | D:2      | Reached skill level 1 in Transmutations
   848 | D:2      | Reached skill level 1 in Fire Magic
   848 | D:2      | Reached skill level 1 in Ice Magic
   848 | D:2      | Reached skill level 1 in Air Magic
   848 | D:2      | Reached skill level 1 in Earth Magic
   848 | D:2      | Reached skill level 1 in Poison Magic
   848 | D:2      | Reached skill level 1 in Invocations
   848 | D:2      | Reached skill level 1 in Evocations
   848 | D:2      | Reached XP level 4. HP: 10/41 MP: 3/6
   848 | D:2      | Reached XP level 5. HP: 12/47 MP: 3/7
  1124 | D:2      | Noticed Natasha
  1134 | D:2      | Killed Natasha
  1135 | D:2      | Reached XP level 6. HP: 53/53 MP: 8/8
  1179 | D:2      | Reached skill level 5 in Polearms
  1454 | D:2      | Found a runed translucent door.
  1455 | D:2      | Noticed Crazy Yiuf
  1461 | D:2      | Paralysed by Crazy Yiuf for 7 turns
  1469 | D:2      | Killed Crazy Yiuf
  1561 | D:2      | Noticed Natasha
  1565 | D:2      | Killed Natasha
  1609 | D:2      | Found a blossoming altar of Fedhas.
  1670 | D:2      | Noticed Natasha
  1677 | D:2      | Killed Natasha
  2000 | D:3      | Reached XP level 7. HP: 57/59 MP: 10/10
  2302 | D:3      | Found a glowing silver altar of Zin.
  2834 | D:3      | Found an opulent altar of Gozag.
  3549 | D:4      | Found a sacrificial altar of Ru.
  3551 | D:4      | Found an iron altar of Okawaru.
  3559 | D:4      | Became a worshipper of Warmaster Okawaru
  3778 | D:4      | Noticed a two-headed ogre
  3864 | D:4      | Killed a two-headed ogre
  3864 | D:4      | Reached * piety under Okawaru
  3865 | D:4      | Reached XP level 8. HP: 22/67 MP: 13/13
  4068 | D:5      | Entered Level 5 of the Dungeon
  4068 | D:5      | Noticed Edmund
  4110 | D:4      | Killed Edmund
  4110 | D:4      | Reached ** piety under Okawaru
  4284 | D:5      | Found Ciumeunuaw's Antique Weapon Shoppe.
  4430 | D:5      | Reached XP level 9. HP: 72/72 MP: 14/14
  5085 | D:6      | Noticed Blork the orc
  5097 | D:6      | Killed Blork the orc
  5212 | D:6      | Found a white marble altar of Elyvilon.
  5438 | D:7      | Found a staircase to the Ecumenical Temple.
  5457 | Temple   | Entered the Ecumenical Temple
  5838 | D:7      | Noticed Duvessa
  5871 | D:7      | Killed Duvessa
  5894 | D:7      | Noticed Dowan
  5950 | D:7      | Killed Dowan
  6071 | D:7      | Reached *** piety under Okawaru
  6692 | D:8      | Reached skill level 5 in Invocations
  7208 | D:7      | Reached XP level 10. HP: 80/80 MP: 17/17
  7457 | D:8      | Noticed an eight-headed hydra
  7621 | D:8      | Reached skill level 5 in Short Blades
  7621 | D:8      | Reached skill level 5 in Long Blades
  7621 | D:8      | Reached skill level 5 in Axes
  7621 | D:8      | Reached skill level 5 in Maces & Flails
  7621 | D:8      | Reached skill level 5 in Staves
  7621 | D:8      | Reached skill level 5 in Slings
  7621 | D:8      | Reached skill level 5 in Bows
  7621 | D:8      | Reached skill level 5 in Crossbows
  7621 | D:8      | Reached skill level 5 in Throwing
  7621 | D:8      | Reached skill level 5 in Dodging
  7621 | D:8      | Reached skill level 5 in Stealth
  7621 | D:8      | Reached skill level 5 in Unarmed Combat
  7621 | D:8      | Reached skill level 5 in Spellcasting
  7621 | D:8      | Reached skill level 5 in Evocations
  7752 | D:8      | Killed an eight-headed hydra
  7752 | D:8      | Reached **** piety under Okawaru
  8024 | D:9      | Received a gift from Okawaru
  8078 | D:9      | Found a shadowy altar of Dithmenos.
  8489 | D:10     | Entered Level 10 of the Dungeon
  8817 | D:10     | Reached ***** piety under Okawaru
  9431 | D:10     | Received a gift from Okawaru
  9460 | D:10     | Found an ornate altar of the Wu Jian Council.
  9576 | D:10     | Identified the +2 hand axe "Dragon's Tongue" {freeze, MP+9
                  | Int+6}
  9576 | D:10     | Noticed Maggie
  9619 | D:10     | Killed Maggie
  9620 | D:10     | Reached XP level 11. HP: 64/87 MP: 19/19
 10997 | D:9      | Reached skill level 5 in Conjurations
 10997 | D:9      | Reached skill level 5 in Hexes
 10997 | D:9      | Reached skill level 5 in Summonings
 10997 | D:9      | Reached skill level 5 in Necromancy
 10997 | D:9      | Reached skill level 5 in Translocations
 10997 | D:9      | Reached skill level 5 in Transmutations
 10997 | D:9      | Reached skill level 5 in Fire Magic
 10997 | D:9      | Reached skill level 5 in Ice Magic
 10997 | D:9      | Reached skill level 5 in Air Magic
 10997 | D:9      | Reached skill level 5 in Earth Magic
 10997 | D:9      | Reached skill level 5 in Poison Magic
 11802 | D:10     | Found a broken altar of Ashenzari.
 11802 | D:10     | Found a stormy altar of Qazlal.
 11804 | D:10     | Found an opulent altar of Gozag.
 11804 | D:10     | Found a blossoming altar of Fedhas.
 11809 | D:10     | Noticed an eight-headed hydra
 11958 | D:10     | Identified the +10 scimitar of the Eternal Void {chaos,
                  | Fragile +Fly rF+ rN++}
 12011 | D:10     | Received a gift from Okawaru
 12657 | D:10     | Found a staircase to the Orcish Mines.
 12743 | D:10     | Killed an eight-headed hydra
 12798 | D:10     | Got an encrusted trident
 12800 | D:10     | Identified the +5 trident "Arategho" {drain, rElec rF-
                  | Str+4 Int+2} (You found it on level 10 of the Dungeon)
 13272 | D:10     | Gained mutation: You are occasionally teleported next to
                  | monsters. [potion of mutation]
 13272 | D:10     | Gained mutation: You are partially covered in slimy green
                  | scales. (AC +2) [potion of mutation]
 13380 | D:11     | Noticed a purple ugly thing
 13411 | D:11     | Killed a purple ugly thing
 13432 | D:11     | Noticed a cyan ugly thing
 13445 | D:11     | HP: 4/89 [cyan ugly thing (12)]
 13447 | D:11     | Killed a cyan ugly thing
 13447 | D:11     | Received a gift from Okawaru
 13517 | D:11     | HP: 3/89 [something/ball of steam (18)]
 13518 | D:11     | HP: 1/89 [something] (2)]
 13929 | D:11     | Noticed a manticore
 13949 | D:11     | Mangled by a manticore

Illustrated notes

Levels and vault maps discovered:
D:1:      eino_arrival_cavern_e, layout_basic
D:2:      layout_loops_ring, minmay_misc_feat_iff, serial_bayou_pond_d,
          fedhas_altar_3, uniq_natasha, uniq_sigmund, uniq_crazy_yiuf_cottage
D:3:      layout_basic, pdpol_temple_overflow_zin_treasury_gozag_greed,
          minmay_pentangle
D:4:      layout_basic, chequers_temple_overflow_statue_of_worship
D:5:      layout_rooms, serial_shops, nicolae_shop_crystal, uniq_edmund
D:6:      layout_basic, lemuel_coloured_pillars_altar,
          kennysheep_generic_room_15, uniq_blork_the_orc
D:7:      layout_gridville, temple_statues, uniq_duvessa
D:8:      layout_basic
D:9:      layout_rooms, nicolae_dithmenos_the_darkroom
D:10:     minmay_the_grid_octo_2x2 [minmay_the_grid_octo_pinwheel,
          minmay_the_grid_octo_empty, minmay_the_grid_octo_shrine,
          minmay_the_grid_octo_prize_big_c], layout_loops_ring,
          minmay_orc_entry_guard_dogs, basic_altar, hangedman_fish_farm,
          uniq_maggie
D:11:     layout_basic, erik_lair_island, hangedman_decor_opposing,
          minmay_pinched_square, uniq_harold, uniq_snorg
Temple:   compressed_dpeg_circular_temple

Skill      XL: |  1  2  3  4  5  6  7  8  9 10 11 |
---------------+----------------------------------+-----
Short Blades   | 1 2 3 4 5 6 |  6.5
Long Blades    | 1 2 3 4 5 6 |  6.5
Axes           | 1 2 3 4 5 6 |  6.5
Maces & Flails | 1 2 3 4 5 6 |  6.5
Staves         | 1 2 3 4 5 6 |  6.5
Slings         | 1 2 3 4 5 6 |  6.5
Bows           | 1 2 3 4 5 6 |  6.5
Crossbows      | 1 2 3 4 5 6 |  6.5
Throwing       | 1 2 3 4 5 6 |  6.5
Dodging        | 1 2 3 4 5 6 |  6.5
Stealth        | 1 2 3 4 5 6 |  6.5
Unarmed Combat | 1 2 3 4 5 6 |  6.5
Spellcasting   | 1 2 3 4 5 6 |  6.5
Conjurations   | 1 2 3 4 5 |  5.4
Hexes          | 1 2 3 4 5 |  5.4
Summonings     | 1 2 3 4 5 |  5.4
Necromancy     | 1 2 3 4 5 |  5.4
Translocations | 1 2 3 4 5 |  5.4
Transmutations | 1 2 3 4 5 |  5.4
Fire Magic     | 1 2 3 4 5 |  5.4
Ice Magic      | 1 2 3 4 5 |  5.4
Air Magic      | 1 2 3 4 5 |  5.4
Earth Magic    | 1 2 3 4 5 |  5.4
Poison Magic   | 1 2 3 4 5 |  5.4
Invocations    | 1 2 3 4 5 6 7 |  7.2
Evocations     | 1 2 3 4 5 6 |  6.5
Polearms       | 5 6 7 8 |  8.1
Fighting       | 7 8 9 |  9.3
Armour         | 7 8 9 |  9.3
Shields        | 7 8 9 |  9.3

Action                   |  1- 3 |  4- 6 |  7- 9 | 10-12 || total
-------------------------+-------+-------+-------+-------++-------
Melee: Trident           |    64 |   126 |   491 |   842 ||  1523
       Bite              |     5 |    11 |    62 |   118 ||   196
       Punch             |       |       |       |     8 ||     8
Throw: Dart              |       |       |    20 |     4 ||    24
Invok: Heroism           |       |       |     2 |     8 ||    10
       Finesse           |       |       |       |     4 ||     4
Evoke: Wand              |       |       |     1 |       ||     1
  Use: Potion            |     1 |       |     2 |     7 ||    10
       Scroll            |       |     3 |     7 |    12 ||    22
 Stab: Sleeping          |       |       |     1 |     2 ||     3
       Distracted        |       |       |       |     2 ||     2
Armor: Scale mail        |    13 |    32 |   130 |   141 ||   316
       Chain mail        |       |       |       |    65 ||    65
       Skin              |       |       |       |    14 ||    14
Dodge: Dodged            |    10 |    17 |   192 |   382 ||   601
       Repelled          |       |       |       |     3 ||     3
Block: Kite shield       |    18 |    42 |   238 |   445 ||   743
